 Dungeon Crawl Stone Soup version 0.17-a0-2127-g1cb09f6 (webtiles) character file.

393 4thArraOfDagon the Spear-Bearer (level 6, -20/48 HPs)
             Began as a Merfolk Gladiator on Oct 22, 2015.
             Demolished by an ogre
             ... wielding a +0 giant spiked club
              (22 damage)
             ... on level 6 of the Dungeon.
             The game lasted 00:06:46 (1367 turns).

4thArraOfDagon the Spear-Bearer (Merfolk Gladiator) Turns: 1367, Time: 00:06:47

Health: -20/48     AC: 17    Str: 15    XL:     6   Next: 81%
Magic:  15/15      EV:  6    Int:  9    God:
Gold:   131        SH:  0    Dex: 17    Spells: 0 memorised, 5 levels left

rFire  + . .     SeeInvis .     a - +0 trident
rCold  . . .     Clarity  .     f - +0 plate armour
rNeg   . . .     SustAt   .     (no shield)
rPois  .         Gourm    .     i - +0 helmet
rElec  .         Spirit   .     g - +2 cloak
rCorr  .         Warding  .     (no gloves)
rMut   .         Stasis   .     l - +2 pair of boots
MR     +....                    (no amulet)
Stlth  ..........               (no ring)
                                o - ring of magical power

@: somewhat resistant to hostile enchantments, extremely unstealthy
A: change form in water, swift swim, thin skeletal structure 1, fire resistance
1, magic resistance 1
a: no special abilities


You were on level 6 of the Dungeon.
You were not hungry.

You visited 1 branch of the dungeon, and saw 7 of its levels.
You also visited: Sewer.

You collected 131 gold pieces.

Inventory:

Hand Weapons
 a - a +0 trident (weapon)
Armour
 f - a +0 plate armour (worn)
 g - a +2 cloak (worn)
 i - a +0 helmet (worn)
 l - a +2 pair of boots (worn)
Jewellery
 o - a ring of magical power (left hand)
Wands
 c - a wand of flame (18)
Scrolls
 d - a scroll of remove curse {unknown}
 h - a scroll of fog {unknown}
Comestibles
 b - 2 chunks of flesh
 e - 2 bread rations
 j - a beef jerky


   Skills:
 + Level 4.0 Fighting
 * Level 8.3 Polearms
 - Level 2.0 Throwing
 + Level 5.9 Dodging


You had 5 spell levels left.
You didn't know any spells.

Dungeon Overview and Level Annotations

Branches:
Dungeon (7/15)
 Temple: D:4-7

Altars:
Vehumet
Zin

Shops:
D:2 *

Annotations:
D:4 DEFE's ghost, amateur OpFi
D:5 1 exclusion
D:6 Pikel


Innate Abilities, Weirdness & Mutations

You revert to your normal form in water.
You are very nimble and swift while swimming.
You have a somewhat thin skeletal structure (Dex +2, Stealth).
Your flesh is heat resistant.
You are resistant to hostile enchantments.


Message History

The giant frog zombie hits you but does no damage.
The ogre hits you with a giant spiked club.
Unknown command.
You hit the ogre.
The ogre is heavily wounded.
The giant frog zombie barely misses you.
The giant frog zombie hits you.
* * * LOW HITPOINT WARNING * * *
The ogre hits you with a giant spiked club!
* * * LOW HITPOINT WARNING * * *
You hit the ogre but do no damage.
The ogre is heavily wounded.
The giant frog zombie hits you but does no damage.
Unknown command.
Unknown command.
You barely miss the ogre.
The ogre is heavily wounded.
The giant frog zombie hits you but does no damage.
The ogre hits you with a giant spiked club!!
You die...

#...... #.## #......
#..## #...... #...#
#.!....#####..###
#.....OZ.####...#
.......#>.###...####
?......##....#.....#
?.$#..#
####O#..#.#.# ##....
#@##..... .....
#.Z..#.#.# ?.##.
####....[.. ..#..
.#.#.#. .. #.....#
#.. # # ## ##..
..... .?....####


You could see an ogre and a giant frog zombie.

Vanquished Creatures
  A giant frog (D:7)
  Blork the orc (D:7)
  A scorpion (D:7)
  A hound (D:4)
  A centaur skeleton (D:6)
  A giant frog zombie (D:7)
  A worker ant (D:7)
  A hound zombie (D:7)
  4 adders
  A river rat (D:4)
  A bat (D:3)
  4 giant cockroaches
  A goblin (D:1)
  A hobgoblin (D:3)
  7 jackals
  A kobold (D:2)
  2 quokkas
  4 giant geckos
  A giant gecko skeleton (D:6)
  A rat (Sewer)
36 creatures vanquished.

Notes
Turn   | Place    | Note
--------------------------------------------------------------
     0 | D:1      | 4thArraOfDagon the Merfolk Gladiator began the quest for the Orb.
     0 | D:1      | Reached XP level 1. HP: 16/16 MP: 1/1
    92 | D:1      | Reached XP level 2. HP: 17/22 MP: 2/2
   134 | D:2      | Found Zin's Purification Station.
   140 | D:2      | Found a glowing silver altar of Zin.
   149 | D:2      | Reached skill level 5 in Polearms
   162 | D:2      | Reached XP level 3. HP: 20/28 MP: 3/3
   316 | D:4      | Noticed DEFE's ghost (amateur OpFi)
   444 | D:4      | Reached skill level 6 in Polearms
   444 | D:4      | Reached XP level 4. HP: 20/34 MP: 4/4
   493 | D:4      | Found a glowing drain.
   522 | Sewer    | Entered a sewer
   686 | D:5      | Entered Level 5 of the Dungeon
   699 | D:5      | Noticed a centaur
  1032 | D:6      | Reached skill level 5 in Dodging
  1032 | D:6      | Reached XP level 5. HP: 38/41 MP: 5/5
  1048 | D:6      | Noticed an ogre
  1078 | D:7      | Reached skill level 7 in Polearms
  1133 | D:7      | Reached XP level 6. HP: 36/48 MP: 6/6
  1240 | D:7      | Found a radiant altar of Vehumet.
  1249 | D:6      | Noticed Blork the orc
  1251 | D:6      | Noticed Pikel
  1253 | D:7      | Gained mutation: Your flesh is heat resistant. [potion of mutation]
  1253 | D:7      | Gained mutation: You are resistant to hostile enchantments. [potion of mutation]
  1253 | D:7      | Gained mutation: You have a somewhat thin skeletal structure (Dex +2, Stealth). [potion of mutation]
  1293 | D:7      | Killed Blork the orc
  1293 | D:7      | Reached skill level 8 in Polearms
  1365 | D:6      | HP: 2/48 [ogre/giant spiked club (10)]
  1367 | D:6      | Demolished by an ogre

Vault maps used:
D:1:      dpeg_arrival_windows_large_door, hex_medium
D:2:      kiku_gazebo_pond_becter, zin_purify, serial_glass, glass_columns_a,
          glass_columns_b
D:4:      gammafunk_temple_overflow_pools, gup_sewer_entry_pipe, first_bread
D:5:      forest_paths, overflow_temple_1_default, minmay_temple_entry_trees,
          supply_closet_lemuel, led_xom_imps
D:6:      okawaru_gym_becter, st_stairs_13, uniq_crazy_yiuf_cottage, uniq_pikel,
          uniq_duvessa, uniq_blork_the_orc
D:7:      vehumet_crystals, kennysheep_big_empty_room
Sewer:    sewer_co_cracked_pipes

Action                   |  1- 3 |  4- 6 || total
-------------------------+-------+-------++-------
Melee: Trident           |    75 |   151 ||   226
Throw: Throwing net      |     4 |     1 ||     5
Evoke: Wand              |       |     3 ||     3
  Use: Scroll            |       |     3 ||     3
       Potion            |       |     2 ||     2
 Stab: Held in net/web   |     1 |       ||     1
       Sleeping          |       |     1 ||     1
  Eat: Chunk             |       |     2 ||     2
